 Dungeon Crawl Stone Soup version 0.31-a0-319-g4fced400ed (webtiles) character file.

Game seed: 12942635009983330023

2454 LeprechaunX the Twirler (level 9, -6/58 HPs)
             Began as an Octopode Shapeshifter on July 17, 2023.
             Mangled by a yak (8 damage)
             ... on level 6 of the Dungeon.
             The game lasted 00:09:23 (4603 turns).

LeprechaunX the Twirler (Octopode Shapeshifter)     Turns: 4603, Time: 00:09:24

Health: -6/58      AC:  1    Str: 18    XL:     9   Next: 50%
Magic:  9/9        EV: 14    Int: 10    God:
Gold:   389        SH:  0    Dex: 13    Spells: 8/8 levels left

rFire   . . .        t - +4 quarterstaff
rCold   . . .        (shield currently unavailable)
rNeg    . . .        (helmet currently unavailable)
rPois   .            (no amulet)
rElec   .            (no ring)
rCorr   .            (no ring)
SInv    .            (no ring)
Will    .....        (no ring)
Stlth   ++++         (no ring)
HPRegen 0.29/turn    (no ring)
MPRegen 0.11/turn    (no ring)
                     (no ring)

%: no passive effects
@: beast-form, studying Ranged Weapons
A: beast (slay +4), almost no armour, amphibious, 8 rings, camouflage 1,
gelatinous body 1, (nimble swimmer 1), tentacles
a: Begin Untransformation


You were on level 6 of the Dungeon.
You were a hulking beast.
You visited 1 branch of the dungeon, and saw 6 of its levels.

You collected 389 gold pieces.

Inventory:

Hand Weapons
 t - a +4 quarterstaff (weapon)
 w - a +0 shortbow
Missiles
 g - 5 boomerangs
 h - 22 poisoned darts
 C - 4 atropa-tipped darts
Armour
 v - a +0 kite shield
Talismans
 j - a beast talisman
Wands
 m - a wand of roots (4)
 y - a wand of polymorph (4)
Scrolls
 b - 3 scrolls of noise {unknown}
 f - 4 scrolls of identify {unknown}
 i - 2 scrolls of poison {unknown}
 k - a scroll of teleportation {unknown}
 l - 4 scrolls of enchant weapon {unknown}
 o - a scroll of vulnerability {unknown}
 q - a scroll of fear {unknown}
 s - 2 scrolls of amnesia {unknown}
 u - a scroll of butterflies {unknown}
 x - a scroll of revelation {unknown}
Potions
 a - 2 potions of lignification
 c - a potion of attraction {unknown}
 d - 2 potions of berserk rage {unknown}
 e - 2 potions of invisibility {unknown}
 n - a potion of brilliance {unknown}
 p - 3 potions of cancellation {unknown}
 r - a potion of resistance {unknown}
 z - 2 potions of enlightenment {unknown}
 A - a potion of haste {unknown}
 B - a potion of degeneration {unknown}
 E - 2 potions of curing {unknown}


   Skills:
 + Level 3.8 Fighting
 + Level 1.2(4.0) Maces & Flails
 + Level 6.1(6.2) Staves
 + Level 2.1 Throwing
 + Level 3.7 Dodging
 + Level 5.6 Stealth
 * Level 6.1 Unarmed Combat
 * Level 5.7 Shapeshifting


You had 8 spell levels left.
You didn't know any spells.
Your spell library was empty.

Dungeon Overview and Level Annotations

Branches:
Dungeon (6/15)
 Temple: D:4-7

Altars:
Ashenzari
Fedhas
Hepliaklqana
Makhleb
Ru
Vehumet

Shops:
D:5 *


Innate Abilities, Weirdness & Mutations

You are a hulking beast.
Your limbs bulge with bestial killing power. (Slay +4)
You cannot wear most types of armour.
You are amphibious.
You can wear up to eight rings at the same time.
Your skin changes colour to match your surroundings (Stealth+).
Your rubbery body absorbs attacks. (AC +1, EV +1)
((You are camouflaged when in or above water. (Stealth+)))
You have tentacles for arms and can constrict up to eight enemies at once.


Message History

You see here a +0 short sword.
Things that are here:
a +0 whip; 2 stones; a +0 club
Things that are here:
a +0 dagger of venom; 5 stones You see here a +0 short sword.
Things that are here:
a +0 whip; 2 stones; a +0 club
There is a stone staircase leading down here.
Things that are here:
a +0 dagger of venom; 5 stones You sock the yak!
The yak is moderately wounded.
The yak gores you!
* * * LOW HITPOINT WARNING * * *
You thump the yak! Your squeeze misses the yak.
The yak is heavily wounded.
The yak gores you.
* * * LOW HITPOINT WARNING * * *
You barely miss the yak.
The yak is heavily wounded.
The yak completely misses you.
You sock the yak! Your squeeze misses the yak.
The yak is severely wounded.
The yak misses you.
You thump the yak!
You kill the yak!
Your Staves skill increases to level 6!
You completely miss the yak. The yak closely misses you.
You hit the yak. You squeeze the yak.
The yak is moderately wounded.
The yak gores you!
* * * LOW HITPOINT WARNING * * *
The yak attacks as you move away! The yak barely misses you.
The yak attacks as you move away! The yak closely misses you.
You see here a +0 short sword.
Things that are here:
a +0 whip; 2 stones; a +0 club The yak attacks as you move away!
The yak gores you!
You die...

########## ###........#######
#.......÷...)..Y)#
#.#.######.#####h#######
#.#.######.............#
#.#.......)...##.#####.#
#.#..#####..#Y##.# #.# #.#..#
#..#.##># #.# #.#..#
#.......# #†#
#....#####.......# #Y#
#...........#.##.#####Y#
#[.....####....#.......######


You could see a yak.

Vanquished Creatures
  Grinder (D:5)
  Sigmund (D:4)
  5 yaks (D:6)
  Duvessa (D:4)
  2 black bears (D:6)
  An ogre (D:6)
  Blork the orc (D:4)
  2 kobold brigands (D:6)
  3 scorpions
  Dowan (D:4)
  3 hounds
  2 jellies
  2 iguanas
  Jessica (D:2)
  A sleepcap (D:5)
  3 orc wizards
  3 gnolls (D:6)
  11 adders
  A worm (D:4)
  15 orcs
  7 endoplasms
  5 giant cockroaches
  6 goblins
  2 hobgoblins (D:2)
  3 quokkas
  7 ball pythons
  2 bats
  2 frilled lizards
  14 kobolds
  7 rats
115 creatures vanquished.

Notes
Turn   | Place    | Note
-------+----------+-------------------------------------------
     0 | D:1      | LeprechaunX the Octopode Shapeshifter began the quest for
                  | the Orb.
     0 | D:1      | Reached XP level 1. HP: 14/14 MP: 1/1
   236 | D:1      | Reached XP level 2. HP: 19/19 MP: 2/2
   502 | D:1      | Found a faded altar of an unknown god.
   820 | D:2      | Reached skill level 1 in Stealth
   894 | D:2      | Reached XP level 3. HP: 24/24 MP: 3/3
  1058 | D:2      | Noticed Jessica
  1066 | D:2      | Reached XP level 4. HP: 29/29 MP: 4/4
  1071 | D:2      | Killed Jessica
  1622 | D:3      | Reached XP level 5. HP: 34/34 MP: 5/5
  2061 | D:4      | Found a burning altar of Makhleb.
  2112 | D:4      | Noticed Duvessa
  2112 | D:4      | Noticed Dowan
  2123 | D:4      | Killed Duvessa
  2124 | D:4      | Reached XP level 6. HP: 22/39 MP: 6/6
  2132 | D:4      | Killed Dowan
  2444 | D:4      | Noticed Blork the orc
  2448 | D:4      | Killed Blork the orc
  2449 | D:4      | Reached skill level 1 in Maces & Flails
  2449 | D:4      | Reached skill level 1 in Staves
  2661 | D:4      | Found a blossoming altar of Fedhas.
  2661 | D:4      | Noticed Sigmund
  2669 | D:4      | Killed Sigmund
  2670 | D:4      | Reached XP level 7. HP: 45/45 MP: 7/7
  3019 | D:5      | Entered Level 5 of the Dungeon
  3022 | D:5      | Noticed Grinder
  3088 | D:5      | Found Pyvvid Ceme's Assorted Antiques.
  3401 | D:5      | Reached skill level 5 in Stealth
  3726 | D:5      | Paralysed by Grinder for 3 turns
  3738 | D:5      | Paralysed by Grinder for 2 turns
  3741 | D:5      | Killed Grinder
  3742 | D:5      | Reached skill level 5 in Shapeshifting
  3742 | D:5      | Reached XP level 8. HP: 51/51 MP: 8/8
  3811 | D:6      | Reached skill level 5 in Unarmed Combat
  3962 | D:6      | Reached skill level 1 in Throwing
  4099 | D:6      | Found a hazy altar of Hepliaklqana.
  4142 | D:6      | Found a radiant altar of Vehumet.
  4145 | D:6      | Found a broken altar of Ashenzari.
  4196 | D:6      | Found a sacrificial altar of Ru.
  4247 | D:6      | Reached XP level 9. HP: 43/57 MP: 9/9
  4476 | D:6      | Reached skill level 5 in Staves
  4491 | D:6      | HP: 2/58 [yak (13)]
  4598 | D:6      | HP: 1/58 [yak (16)]
  4603 | D:6      | Mangled by a yak

Illustrated notes

Levels and vault maps discovered:
D:1:      minmay_arrival_checkered_box, layout_basic, basic_ecumenical_altar,
          minmay_misc_feat_nine_boxes
D:2:      layout_basic, uniq_jessica
D:3:      layout_basic, minmay_pentangle
D:4:      layout_basic, bloody_makhleb, kennysheep_little_box,
          reono_crystal_passage, uniq_sigmund, uniq_duvessa, uniq_blork_the_orc
D:5:      layout_basic, nicolae_stop_n_shop_2, uniq_grinder
D:6:      layout_loops_ring, grunt_temple_overflow_open

Skill      XL: |  1  2  3  4  5  6  7  8  9 |
---------------+----------------------------+-----
Stealth        | 1 2 3 4 5 |  5.6
Unarmed Combat | 3 4 5 6 |  6.1
Shapeshifting  | 4 5 |  5.7
Maces & Flails | 1 |  1.2
Staves         | 1 3 4 6 |  6.1
Fighting       | 3 |  3.8
Throwing       | 1 2 |  2.1
Dodging        | 3 |  3.7

Action                     |  1- 3 |  4- 6 |  7- 9 || total
---------------------------+-------+-------+-------++-------
  Melee: Unarmed           |    46 |    26 |       ||    72
         Constrict         |    10 |    21 |    15 ||    46
         Tentacles         |     9 |    10 |    27 ||    46
         Punch             |     1 |     1 |     3 ||     5
         Flail             |       |    13 |       ||    13
         Quarterstaff      |       |    26 |   116 ||   142
  Throw: Dart              |       |     5 |       ||     5
         Boomerang         |       |       |    15 ||    15
         Throwing net      |       |       |     1 ||     1
   Stab: Sleeping          |     9 |    10 |     3 ||    22
 Armour: Skin              |     3 |     5 |    13 ||    21
  Dodge: Dodged            |    23 |    47 |    68 ||   138

Table legend: (Time is in decaauts)
 A = Elapsed time spent in this place.
 B = Non-inter-level travel time spent in this place.
 C = Inter-level travel time spent in this place.
 D = Time resting spent in this place.
 E = Time spent auto-exploring this place.
 F = Levels seen in this place.
 G = Mean time per level.
                   A        B        C        D        E       F      G
               +--------+--------+--------+--------+--------+-----+--------+
         Total |   4641 |   4268 |    373 |    461 |   2888 |   6 |  773.5 |
       Dungeon |   4641 |   4268 |    373 |    461 |   2888 |   6 |  773.5 |
               +--------+--------+--------+--------+--------+-----+--------+

Top non-repeatable levels by time:
     D:4: 1028 daAuts
     D:2: 809 daAuts
     D:6: 806 daAuts
     D:5: 730 daAuts
     D:1: 687 daAuts
     D:3: 579 daAuts
